Map: Aura de mort EC

Players

IA (très facile)

  • Race: Zerg Zerg
  • Spawn Location: 5:00

Nadiejda - Winner!

  • Race: Terran Terran
  • Spawn Location: 11:00

VOD

Have the link to the VOD?

Description

Time

  • Played on: March 9, 2021, 5:15 p.m.
  • Length: 7:41
Show
View Real Time Build Order
Export as new Build Order

IA (très facile) Zerg 

Build Orders: Pool Only 

Get SALT Encoding   

  12  0:01  Drone  
  13  0:12  Overlord  
  13  0:16  Drone  
  14  0:35  Spawning Pool  
  13  0:37  Extractor  
  13  0:39  Drone  
  13  0:46  Drone  
  14  0:51  Overlord  
  14  1:22  Zergling x2, Queen  
  17  1:30  Roach Warren  
  16  1:33  Drone  
  16  1:36  Extractor  
  16  1:41  Zergling x2, Drone  
  18  1:55  Drone  
  18  2:00  Zergling x2  
  20  2:05  Drone  
  21  2:16  Drone  
  22  2:27  Drone  
  22  2:29  Overlord  
  23  2:34  Drone  
  24  2:41  Drone  
  25  5:54  Drone, Roach  
  25  5:55  Overlord, Lair  
  28  6:01  Drone  
  29  6:09  Drone  
  30  6:16  Drone  
  31  6:23  Drone  
  30  6:30  Drone  
  30  6:38  Roach  
  32  6:52  Overseer  
  32  6:53  Overseer  
  32  6:56  Overlord  
  30  7:07  Zergling x2  
  28  7:10  Drone  
  28  7:15  Overseer, Overlord  
  27  7:18  Drone  
  27  7:22  Overseer  
Show
View Real Time Build Order
Export as new Build Order

Nadiejda Terran - Winner!

Build Orders: Reaper Expand 

Get SALT Encoding   

  12  0:01  SCV  
  13  0:13  SCV  
  14  0:17  Supply Depot  
  14  0:25  SCV  
  15  0:39  SCV  
  15  0:42  Barracks  
  16  0:45  Refinery  
  16  0:51  SCV  
  17  1:03  SCV  
  18  1:15  SCV  
  19  1:28  Orbital Command  
  19  1:30  Reaper  
  20  1:40  Command Center  
  20  1:51  Supply Depot  
  20  1:55  SCV  
  21  2:02  Marine  
  21  2:06  Factory  
  22  2:15  SCV  
  23  2:16  Bunker  
  23  2:23  Barracks Reactor  
  23  2:27  SCV  
  23  2:28  Refinery  
  24  2:39  SCV  
  25  2:51  SCV  
  25  2:57  Orbital Command  
  26  2:59  Starport  
  26  3:03  Factory Tech Lab  
  26  3:04  Marine x2  
  28  3:09  SCV  
  29  3:21  SCV  
  29  3:22  Marine x2  
  29  3:23  SCV  
  33  3:33  Cyclone, SCV  
  37  3:35  SCV  
  37  3:36  Viking  
  37  3:38  Barracks  
  40  3:44  Supply Depot  
  40  3:45  SCV  
  40  3:47  SCV  
  42  3:48  Marine  
  43  3:57  SCV  
  43  3:59  SCV  
  45  4:04  Marine  
  45  4:06  Barracks, Marine, Supply Depot  
  45  4:09  SCV  
  48  4:11  SCV  
  48  4:16  Factory Tech Lab  
  49  4:20  Refinery  
  49  4:21  SCV  
  49  4:22  Marine  
  49  4:23  Starport Reactor, SCV  
  52  4:24  Marine  
  52  4:28  Supply Depot  
  52  4:29  Engineering Bay  
  53  4:33  SCV  
  53  4:35  SCV  
  53  4:37  Siege Tank  
  58  4:40  Marine  
  58  4:41  Marine  
  60  4:45  SCV  
  60  4:47  SCV  
  60  4:51  Supply Depot  
  62  4:57  SCV  
  62  4:58  Terran Infantry Weapons Level 1  
  62  4:59  Stimpack, SCV  
  64  5:08  Starport Reactor  
  64  5:10  Marine x3, SCV  
  64  5:11  SCV  
  69  5:17  Supply Depot  
  69  5:20  Siege Tank  
  69  5:21  Supply Depot  
  72  5:22  Supply Depot, SCV  
  72  5:24  SCV  
  72  5:25  Marine x2  
  72  5:28  Marine x2  
  78  5:38  Marine, SCV x2  
  81  5:42  Marine  
  81  5:43  Refinery  
  81  5:44  Marine  
  81  5:46  Marine, Medivac x2  
  88  5:50  SCV x2  
  88  5:52  Siege Tank  
  88  5:54  Marine  
  88  5:56  Marine  
  95  6:00  Marine  
  95  6:02  Marine, SCV x2  
  95  6:04  Marine  
  100  6:12  Marine  
  100  6:13  Marine  
  100  6:14  Missile Turret  
  100  6:15  Missile Turret  
  102  6:33  Supply Depot x2  
  102  6:35  Supply Depot  
  102  6:52  Marine  
  102  6:54  Marine x4, Medivac, SCV x2  
  102  6:55  Medivac, Siege Tank  
  115  7:06  SCV x2  
  113  7:09  Supply Depot x2  
  113  7:10  Marine, Supply Depot  
  113  7:12  Marine x4  
Tags
 
Add a new tag
Caveats
  • Supply blocks, unpowered buildings, or Contaminate may cause inaccurate times.
  • Supply counts are checked every 10 seconds.